Map: Blood Boil LE

Players

Whiskydog

  • Race: Terran Terran
  • League: Silver
  • Spawn Location: 11:00

Pelao - Winner!

  • Race: Terran Terran
  • League: Gold
  • Spawn Location: 5:00

VOD

Have the link to the VOD?

Description

Time

  • Played on: June 18, 2017, 2:39 a.m.
  • Length: 10:00
Show
View Real Time Build Order
Export as new Build Order

Whiskydog Terran 

Build Orders: MMM Bio 

Get SALT Encoding   

  12  0:00  Unknown  
  12  0:01  SCV  
  13  0:13  SCV  
  14  0:21  Supply Depot  
  14  0:25  SCV  
  15  0:42  SCV  
  16  0:46  Barracks  
  16  0:54  SCV  
  16  0:56  Refinery  
  17  1:06  SCV  
  18  1:18  SCV  
  20  1:34  Orbital Command  
  19  1:40  Barracks Reactor  
  19  1:47  Command Center  
  19  2:01  Barracks  
  19  2:07  Supply Depot  
  19  2:09  SCV  
  20  2:20  Marine x2  
  20  2:21  SCV  
  23  2:33  SCV  
  24  2:37  Factory  
  24  2:42  Marine x2  
  26  2:53  Supply Depot  
  26  2:57  Refinery  
  26  2:59  Barracks Tech Lab  
  26  3:02  Marine  
  27  3:13  Orbital Command  
  27  3:18  SCV  
  28  3:22  Marine x2  
  30  3:27  Stimpack  
  30  3:30  Marine  
  30  3:34  SCV  
  32  3:39  SCV  
  33  3:43  Marine x2  
  33  3:46  Factory Tech Lab, SCV  
  36  3:48  Factory Reactor  
  36  3:51  SCV  
  36  3:54  Starport  
  37  4:02  Barracks  
  37  4:05  Marine  
  37  4:06  Marine x2  
  40  4:11  SCV  
  40  4:14  SCV  
  42  4:18  Refinery  
  42  4:23  SCV  
  43  4:26  Marine x2, SCV  
  43  4:27  Marine  
  47  4:33  Supply Depot  
  47  4:38  Supply Depot  
  47  4:41  Factory Tech Lab  
  47  4:43  SCV x2  
  47  4:44  Marine x2  
  51  4:53  Barracks Tech Lab  
  51  4:55  SCV x2  
  51  4:57  Marine  
  54  5:10  Medivac, Barracks  
  54  5:12  Barracks  
  54  5:13  Medivac  
  58  5:16  Marine  
  58  5:17  Marine  
  60  5:26  Bunker  
  60  5:28  SCV x2  
  62  5:38  Supply Depot  
  62  5:40  Supply Depot  
  65  5:42  Siege Tank  
  65  5:51  SCV  
  65  5:52  SCV  
  65  5:54  Marine  
  68  6:03  Marine  
  68  6:04  SCV x2  
  71  6:05  Barracks Reactor  
  71  6:08  Barracks Tech Lab  
  71  6:11  Marauder  
  71  6:12  Marauder, Marine  
  76  6:18  SCV  
  76  6:19  SCV  
  76  6:21  Marine  
  76  6:22  Refinery  
  79  6:30  Marauder, Marine, SCV  
  79  6:31  SCV  
  84  6:33  Medivac  
  86  6:48  Supply Depot  
  86  6:50  Supply Depot x2  
  86  7:10  Medivac, Marine x4, SCV x2  
  86  7:11  Medivac, Marine x2  
  86  7:12  Marauder  
  100  7:22  SCV x2  
  102  7:27  Marine  
  102  7:29  Engineering Bay  
  103  7:30  Engineering Bay  
  103  7:36  Marine x2  
  104  7:37  Marine  
  104  7:38  Marauder x2  
  110  7:55  Supply Depot  
  110  7:56  Supply Depot  
  110  7:57  Terran Infantry Armor Level 1, Terran Infantry Weapons Level 1  
  110  7:58  Supply Depot x2  
  110  8:00  Combat Shields  
  110  8:01  Concussive Shells  
  110  8:08  Missile Turret  
  110  8:12  Missile Turret  
  110  8:16  Medivac x2, Missile Turret, Marine x2  
  110  8:17  Siege Tank, Missile Turret, Marauder x3  
  125  8:33  Command Center  
  125  8:47  SCV x2  
  127  8:49  Marine x2  
  127  8:50  Marine x2  
  127  8:53  Marauder  
  133  8:59  SCV  
  133  9:00  SCV  
  135  9:06  Marauder  
  135  9:07  Marauder, Marine  
  135  9:08  Marine  
  135  9:09  Marine  
  142  9:15  Supply Depot  
  142  9:17  Supply Depot  
  142  9:27  Marine, SCV  
  142  9:28  Marauder  
Show
View Real Time Build Order
Export as new Build Order

Pelao Terran - Winner!

Build Orders: Command Center First (CC), MMM Bio 

Get SALT Encoding   

  12  0:00  Unknown  
  12  0:02  SCV  
  13  0:14  SCV  
  13  0:20  Supply Depot  
  14  0:26  SCV  
  15  0:42  SCV  
  16  0:54  SCV  
  17  1:03  Command Center  
  17  1:09  SCV  
  18  1:21  Barracks, SCV  
  19  1:33  SCV  
  19  1:36  Barracks  
  20  1:45  SCV  
  21  1:52  Barracks  
  21  1:57  SCV  
  22  2:06  Barracks  
  22  2:09  SCV  
  22  2:14  Marine  
  24  2:18  SCV  
  24  2:21  SCV  
  26  2:27  Marine  
  27  2:31  SCV  
  27  2:32  Marine  
  27  2:34  SCV  
  30  2:40  Marine  
  30  2:43  SCV  
  32  2:44  Marine  
  32  2:46  SCV  
  34  2:51  Supply Depot  
  34  2:55  SCV  
  34  2:57  Supply Depot  
  34  2:58  SCV  
  36  2:59  Marine  
  36  3:02  Marine  
  38  3:11  Orbital Command  
  38  3:12  Marine x2  
  38  3:15  Orbital Command  
  38  3:16  Marine  
  38  3:19  Marine  
  42  3:30  Marine  
  42  3:32  Refinery  
  42  3:33  Refinery  
  43  3:37  Refinery  
  43  3:38  Refinery  
  43  3:39  SCV  
  44  3:41  SCV  
  44  3:43  Marine x2  
  44  3:44  Marine  
  48  3:49  Supply Depot  
  48  3:51  SCV  
  48  3:53  SCV  
  50  4:03  SCV  
  50  4:05  SCV  
  52  4:11  Marine  
  52  4:14  Factory  
  52  4:15  SCV  
  54  4:18  SCV  
  54  4:21  Marine x3  
  58  4:27  SCV  
  58  4:30  Supply Depot, SCV  
  60  4:36  Engineering Bay  
  60  4:39  SCV  
  60  4:42  SCV  
  62  4:46  Factory  
  62  4:51  SCV  
  63  4:54  SCV  
  64  5:02  Barracks Tech Lab x3  
  64  5:03  Barracks Reactor  
  64  5:04  SCV  
  64  5:05  Factory Tech Lab  
  64  5:06  SCV  
  64  5:07  Terran Infantry Weapons Level 1  
  66  5:16  SCV  
  66  5:18  Starport  
  66  5:20  Engineering Bay  
  67  5:23  Siege Tank  
  67  5:28  SCV  
  71  5:32  Factory Tech Lab, Supply Depot  
  71  5:39  Combat Shields, Concussive Shells  
  71  5:40  Stimpack  
  71  5:41  Marauder  
  71  5:42  Marauder x2  
  77  5:43  SCV  
  78  5:51  Supply Depot  
  78  5:53  Supply Depot  
  78  5:57  Supply Depot  
  78  6:00  Supply Depot  
  78  6:05  Supply Depot  
  78  6:06  Terran Infantry Armor Level 1  
  78  6:08  Siege Tank  
  81  6:12  Siege Tank  
  84  6:18  Starport Reactor  
  84  6:38  Marauder x3, Marine x2  
  92  6:48  Liberator  
  92  6:49  Armory  
  92  6:54  Command Center  
  92  7:00  Marauder x3, Marine x2  
  100  7:02  Siege Tank  
  106  7:18  Marine  
  106  7:20  Medivac  
  106  7:21  Marauder  
  111  7:24  SCV  
  112  7:31  Siege Tank  
  112  7:33  Marauder x2  
  112  7:34  Marine  
  112  7:36  Marine, SCV  
  122  7:43  Marauder  
  124  7:49  Medivac  
  124  7:51  Medivac, Marine  
  128  7:54  Marine x3  
  132  7:59  SCV  
  132  8:03  SCV  
  132  8:04  Marine  
  135  8:11  SCV  
  136  8:15  SCV  
  136  8:19  Medivac  
  139  8:21  Medivac  
  139  8:23  SCV  
  139  8:26  Missile Turret x2  
  142  8:27  SCV  
  142  8:29  Missile Turret  
  142  8:33  Missile Turret  
  143  8:34  Missile Turret  
  143  8:35  SCV  
  143  8:39  SCV  
  145  8:47  SCV  
  145  8:48  Marauder x2, Marine x3  
  151  8:52  SCV  
  154  9:07  Siege Tank  
Tags
 
Composition
MMM BioMMM Bio
Matchup
TvT
Race
Terran
Replay Pack
SIII
Spawn Locations
Cross Positions
Add a new tag
Caveats
  • Supply blocks, unpowered buildings, or Contaminate may cause inaccurate times.
  • Supply counts are checked every 10 seconds.